[Event "Titled Tuesday Blitz March 08 Early 2022"]
[White "Alinasab, Mobina"]
[Black "Janturin, Artur"]
[WhiteFideId "12528897"]
[BlackFideId "4130022"]
[WhiteElo "2052"]
[BlackElo "2346"]
[Result "1-0"]
[Round "04"]
[TimeControl "180+1"]
[Date "2022.03.09"]
[WhiteClock "0:01:17"]
[BlackClock "0:00:05"]

1. e4 a6 2. d4 b5 3. c3 Bb7 4. Bd3 Nf6 5. Qe2 e6 6. Nf3 c5 7. e5 Nd5 8. a3 Be7 9. dxc5 Bxc5 10. Bg5 Be7 11. Bxe7 Qxe7 12. O-O Nf4 13. Qe3 Nxd3 14. Qxd3 O-O 15. Nbd2 Bd5 16. c4 bxc4 17. Nxc4 Ra7 18. b4 Nc6 19. Rfe1 f6 20. exf6 Qxf6 21. Ncd2 Raa8 22. Rac1 Rf7 23. Qc3 Qg6 24. Qc2 Qh5 25. Qd3 Raf8 26. Rc3 Qg4 27. h3 Qh5 28. Qxa6 Bxf3 29. Nxf3 Rxf3 30. Rxf3 Rxf3 31. gxf3 Ne5 32. Qc8+ Kf7 33. Rxe5 Qxe5 34. Qxd7+ Kf6 35. Qd8+ Kg6 36. Qh4 Qa1+ 37. Kg2 Qxa3 38. Qe4+ Kf7 39. b5 Qb3 40. Qb7+ Kf6 41. b6 Qb5 42. Qc7 Qg5+ 43. Kh2 e5 44. Qd8+ 1-0


[Site "https://www.chess.com"]

[Event "Titled Tuesday Blitz March 08 Early 2022"]
[White "Alonso Rosell, Alvar"]
[Black "Saravana, Krishnan P."]
[WhiteFideId "2270544"]
[BlackFideId "5018382"]
[WhiteElo "2474"]
[BlackElo "2210"]
[Result "1-0"]
[Round "04"]
[TimeControl "180+1"]
[Date "2022.03.09"]
[WhiteClock "0:00:10"]
[BlackClock "0:00:07"]

1. d4 Nf6 2. c4 g6 3. Nc3 Bg7 4. e4 d6 5. h3 O-O 6. Be3 e5 7. d5 a5 8. g4 Na6 9. Nge2 Nd7 10. h4 Nb6 11. Ng3 Nc5 12. Be2 Bd7 13. Qd2 a4 14. h5 f6 15. hxg6 hxg6 16. g5 f5 17. exf5 Rxf5 18. Nxf5 Bxf5 19. Bxc5 dxc5 20. a3 Qe7 21. O-O-O e4 22. Qe3 Rf8 23. Qg3 Be5 24. Qh4 Qg7 25. Kd2 e3+ 26. fxe3 Re8 27. Bd3 Bxd3 28. Kxd3 Nd7 29. Ne4 Bxb2 30. Rdf1 Ne5+ 31. Kc2 Nxc4 32. Nf6+ Bxf6 33. gxf6 Nxe3+ 34. Kc1 g5 35. Qh5 Nxf1 36. Qxe8+ 1-0


[Site "https://www.chess.com"]

[Event "Titled Tuesday Blitz March 08 Early 2022"]
[White "Alves Campelo, Danilo Cesar De L"]
[Black "Chernov, Alexander A."]
[WhiteFideId "2123657"]
[BlackFideId "4152492"]
[WhiteElo "1994"]
[BlackElo "1956"]
[Result "0-1"]
[Round "04"]
[TimeControl "180+1"]
[Date "2022.03.09"]
[WhiteClock "0:00:19"]
[BlackClock "0:00:39"]

1. e4 e5 2. Nf3 Nc6 3. Bb5 Bc5 4. O-O Nd4 5. Nxd4 Bxd4 6. c3 Bb6 7. d4 c6 8. Ba4 d6 9. dxe5 dxe5 10. Qxd8+ Bxd8 11. f4 Bb6+ 12. Kh1 Nf6 13. Bc2 O-O 14. fxe5 Ng4 15. h3 Nxe5 16. Bf4 Ng6 17. Bg3 Be6 18. Nd2 Rad8 19. Nf3 h6 20. a4 a5 21. Rad1 Bc4 22. Rxd8 Rxd8 23. Rd1 Rxd1+ 24. Bxd1 Bd3 25. e5 Kf8 26. Nd4 Ke7 27. Bb3 Bc7 28. Nf3 Be2 29. Kg1 Bxf3 30. gxf3 Bxe5 31. Bf2 Bc7 32. Bc5+ Ke8 33. Kf2 Ne5 34. Ke3 Nd7 35. Bd4 f6 36. f4 Bd6 37. c4 Ke7 38. Bc2 g5 39. fxg5 hxg5 40. b3 Bc5 41. Bxc5+ Nxc5 42. Kd4 Ne6+ 43. Ke4 Ng7 44. c5 Ne6 45. Kf5 Nd4+ 46. Kg6 Nxc2 0-1


[Site "https://www.chess.com"]

[Event "Titled Tuesday Blitz March 08 Early 2022"]
[White "Ambartsumova, Karina"]
[Black "Lima, Kleyton Alcantara"]
[WhiteFideId "4166299"]
[BlackFideId "22718397"]
[WhiteElo "2262"]
[BlackElo "1951"]
[Result "0-1"]
[Round "04"]
[TimeControl "180+1"]
[Date "2022.03.09"]
[WhiteClock "0:00:04"]
[BlackClock "0:00:09"]

1. e4 c5 2. Nf3 d6 3. Bb5+ Bd7 4. Bxd7+ Nxd7 5. O-O Ngf6 6. Qe2 Rc8 7. c3 e6 8. d4 cxd4 9. cxd4 Be7 10. Nc3 Nb6 11. a3 O-O 12. Bf4 h6 13. Rac1 Qd7 14. Rfd1 Na4 15. e5 Nxc3 16. bxc3 Nd5 17. Bd2 dxe5 18. Nxe5 Qa4 19. c4 Nf6 20. Rc3 Rfd8 21. Bxh6 gxh6 22. Rg3+ Kf8 23. Rdd3 Bd6 24. Rgf3 Bxe5 25. Qxe5 Qxc4 26. g3 Ng8 27. Qh5 Rc7 28. Rc3 Qxc3 29. Rxc3 Rxc3 30. Qa5 Rdc8 31. Qxa7 R3c7 32. Qb6 Ne7 33. Qd6 Ke8 34. Qf4 h5 35. h4 Rc2 36. Qh6 Re2 37. Qxh5 Rcc2 38. Qb5+ Kf8 39. Qxb7 Rxf2 40. a4 Rfd2 41. a5 Rc1# 0-1


[Site "https://www.chess.com"]

[Event "Titled Tuesday Blitz March 08 Early 2022"]
[White "Aradhya, Garg"]
[Black "Jones, Gawain C B"]
[WhiteFideId "25006746"]
[BlackFideId "409561"]
[WhiteElo "2169"]
[BlackElo "2657"]
[Result "0-1"]
[Round "04"]
[TimeControl "180+1"]
[Date "2022.03.08"]
[WhiteClock "0:01:40"]
[BlackClock "0:00:54"]

1. d4 Nf6 2. c4 g6 3. g3 Bg7 4. Bg2 O-O 5. Nc3 d6 6. Nf3 c5 7. O-O Nc6 8. dxc5 dxc5 9. Be3 Be6 10. Bxc5 Qa5 11. Ba3 Bxc4 12. Nd2 Be6 13. Nb3 Qh5 14. Nc5 Bh3 15. e3 Ng4 16. Bf3 Bxc3 17. bxc3 Nce5 18. Re1 Rad8 19. Be2 Rxd1 20. Raxd1 Bg2 21. Bxg4 Nxg4 22. Kxg2 Qxh2+ 23. Kf3 Qxf2+ 24. Kxg4 f5+ 25. Kh3 g5 26. Rh1 Rf6 27. Rd8+ Kg7 0-1


[Site "https://www.chess.com"]

[Event "Titled Tuesday Blitz March 08 Early 2022"]
[White "Ardila, Oscar Humberto"]
[Black "Obad, Andrija"]
[WhiteFideId "4404742"]
[BlackFideId "14412276"]
[WhiteElo "1966"]
[BlackElo "2270"]
[Result "1-0"]
[Round "04"]
[TimeControl "180+1"]
[Date "2022.03.09"]
[WhiteClock "0:01:07"]
[BlackClock "0:00:51"]

1. d4 Nf6 2. c4 c5 3. d5 b5 4. Qc2 g6 5. e4 d6 6. cxb5 a6 7. Nc3 Bg7 8. h3 O-O 9. Nf3 Nbd7 10. a4 Qa5 11. Bd2 Re8 12. Be2 axb5 13. Bxb5 Ba6 14. O-O Qb6 15. Rfe1 Bxb5 16. Nxb5 Reb8 17. Bc3 Ra6 18. b3 Rc8 19. Nd2 Qb8 20. Nc4 Nb6 21. Rad1 Nxc4 22. bxc4 Qa8 23. a5 Nd7 24. Bxg7 Kxg7 25. Ra1 Kg8 26. Qd2 Ne5 27. Qc3 Qb7 28. f4 Nd7 29. e5 Rca8 30. e6 Nf6 31. exf7+ Kxf7 32. Re3 Nxd5 33. Nxd6+ Rxd6 34. cxd5 Qxd5 35. Rae1 Ra7 36. Qh8 h5 37. Qh7+ Ke8 38. Rxe7+ 1-0


[Site "https://www.chess.com"]

[Event "Titled Tuesday Blitz March 08 Early 2022"]
[White "Artemenko, Oleg"]
[Black "Chigaev, Maksim"]
[WhiteFideId "14201798"]
[BlackFideId "4108116"]
[WhiteElo "2287"]
[BlackElo "2502"]
[Result "1-0"]
[Round "04"]
[TimeControl "180+1"]
[Date "2022.03.08"]
[WhiteClock "0:00:50"]
[BlackClock "0:00:29"]

1. d4 Nf6 2. Nc3 e6 3. Bf4 a6 4. e4 d5 5. e5 Nfd7 6. Be3 c5 7. f4 Nc6 8. Nf3 cxd4 9. Nxd4 Qb6 10. a3 Bc5 11. Na4 Qa5+ 12. c3 Nxd4 13. Bxd4 Bxd4 14. Qxd4 Qc7 15. b3 g5 16. g3 b5 17. Nb2 Bb7 18. Nd3 gxf4 19. gxf4 Rc8 20. Kd2 Rg8 21. Bh3 Nc5 22. Nxc5 Qxc5 23. Qxc5 Rxc5 24. Rhg1 Rxg1 25. Rxg1 Kf8 26. Kd3 a5 27. Kd4 Rc7 28. Bf1 Bc6 29. Bd3 h6 30. f5 exf5 31. Bxf5 Be8 32. Rg3 a4 33. Bc2 axb3 34. Bxb3 Ra7 35. Bxd5 Rxa3 36. e6 fxe6 37. Bxe6 Ke7 38. Ke5 Ra5 39. Rg7+ Kf8 40. Kf6 1-0


[Site "https://www.chess.com"]

[Event "Titled Tuesday Blitz March 08 Early 2022"]
[White "Atakhan, Abtin"]
[Black "Paravyan, David"]
[WhiteFideId "22502203"]
[BlackFideId "4194985"]
[WhiteElo "2119"]
[BlackElo "2569"]
[Result "0-1"]
[Round "04"]
[TimeControl "180+1"]
[Date "2022.03.08"]
[WhiteClock "0:00:02"]
[BlackClock "0:00:12"]

1. d4 Nf6 2. c4 g6 3. g3 c6 4. Bg2 d5 5. cxd5 cxd5 6. Nc3 Bg7 7. Nf3 O-O 8. O-O Nc6 9. Ne5 Bf5 10. Nxc6 bxc6 11. Bf4 Nd7 12. Qa4 Qb6 13. e3 e5 14. dxe5 Nxe5 15. Bxe5 Bxe5 16. Qa3 Rab8 17. Na4 Qb4 18. Rac1 Qxa3 19. bxa3 Bd3 20. Rfd1 Bc4 21. e4 Bxa2 22. exd5 Bb3 23. Re1 Bd4 24. dxc6 Bxa4 25. c7 Rb2 26. c8=Q Bxf2+ 27. Kh1 Rxc8 28. Rxc8+ Kg7 29. Rf1 Bb5 30. Rb8 Bb6 31. Re1 Bc4 32. Rc1 Be6 33. h4 Rb3 34. Rb7 Rxg3 35. Re7 Rg4 36. Kh2 Rxh4+ 37. Kg3 Ra4 38. Rc3 Bd4 39. Rd3 Be5+ 40. Kf2 Kf6 41. Rb7 h5 42. Rf3+ Kg7 43. Rd3 h4 44. Bd5 Rd4 45. Bxe6 Rxd3 46. Rxf7+ Kh6 47. Rf8 Kg5 48. Rg8 Kf6 49. Bc4 Rxa3 50. Rf8+ Kg5 51. Be6 Bd4+ 52. Kg2 Rg3+ 53. Kh2 Be5 54. Kh1 Re3 55. Rf1 Bf4 56. Bd5 Rh3+ 57. Kg2 Rg3+ 58. Kh1 Rd3 59. Be4 Re3 60. Bd5 Bg3 61. Kg2 Re2+ 62. Kh1 Rh2+ 63. Kg1 Rd2 64. Be4 h3 65. Kh1 a5 66. Ra1 a4 67. Bf3 Rf2 68. Bd5 a3 69. Be4 Re2 70. Bf3 Re1+ 71. Rxe1 Bxe1 72. Bd5 Bg3 73. Ba2 Kh4 74. Kg1 g5 75. Bd5 g4 76. Be6 Be5 77. Kh1 g3 78. Bd5 Bd4 79. Bg2 a2 80. Bxh3 a1=Q+ 0-1


[Site "https://www.chess.com"]

[Event "Titled Tuesday Blitz March 08 Early 2022"]
[White "Atzl, Florian"]
[Black "P., Komal Kishore"]
[WhiteFideId "1635891"]
[BlackFideId "5016703"]
[WhiteElo "2085"]
[BlackElo "2146"]
[Result "1-0"]
[Round "04"]
[TimeControl "180+1"]
[Date "2022.03.09"]
[WhiteClock "0:01:34"]
[BlackClock "0:01:57"]

1. e4 c6 2. d4 d5 3. Nd2 dxe4 4. Nxe4 Bf5 5. Ng3 Bg6 6. h4 h6 7. Nf3 Nd7 8. h5 Bh7 9. Bd3 Bxd3 10. Qxd3 e6 11. Bd2 Ngf6 12. O-O-O Qc7 13. Ne4 Nxe4 14. Qxe4 Nf6 15. Qe2 O-O-O 16. c4 c5 17. Bc3 a6 18. Kb1 cxd4 19. Bxd4 Be7 20. Ne5 Rhf8 21. g4 Bd6 22. f4 Kb8 23. g5 Nd7 24. Nxd7+ Rxd7 25. Bxg7 Rg8 26. gxh6 Bxf4 27. h7 1-0


[Site "https://www.chess.com"]

[Event "Titled Tuesday Blitz March 08 Early 2022"]
[White "Avila Pavas, Santiago"]
[Black "Manelyuk, Daniil"]
[WhiteFideId "4437128"]
[BlackFideId "44173920"]
[WhiteElo "2242"]
[BlackElo "2222"]
[Result "1-0"]
[Round "04"]
[TimeControl "180+1"]
[Date "2022.03.09"]
[WhiteClock "0:01:04"]
[BlackClock "0:00:07"]

1. d4 Nf6 2. Nf3 c5 3. d5 b5 4. Bg5 Qb6 5. a4 b4 6. e3 Bb7 7. Bc4 Ba6 8. Nbd2 d6 9. Bxf6 gxf6 10. Qe2 Rg8 11. Nh4 Rg5 12. f4 Rg8 13. Nf5 Bc8 14. Bb5+ Kd8 15. Qh5 Bxf5 16. Qxf7 Rh8 17. Nc4 Qb7 18. Nxd6 Qb6 19. Qe8+ Kc7 20. Nxf5 Na6 21. Qxa8 Bg7 22. Qc6+ Qxc6 23. dxc6 Nb8 24. Nxg7 a6 25. Bc4 1-0


[Site "https://www.chess.com"]

[Event "Titled Tuesday Blitz March 08 Early 2022"]
[White "Babazada, Khazar"]
[Black "Goltseva, Ekaterina"]
[WhiteFideId "13413554"]
[BlackFideId "24173770"]
[WhiteElo "2418"]
[BlackElo "2140"]
[Result "1-0"]
[Round "04"]
[TimeControl "180+1"]
[Date "2022.03.08"]
[WhiteClock "0:00:54"]
[BlackClock "0:00:05"]

1. Nf3 Nf6 2. c4 e6 3. Nc3 d5 4. cxd5 Nxd5 5. d4 Be7 6. e4 Nxc3 7. bxc3 c5 8. Bd3 O-O 9. O-O cxd4 10. cxd4 Nc6 11. e5 f5 12. exf6 Bxf6 13. Be3 Kh8 14. Be4 Nb4 15. Ne5 Qe8 16. Qg4 Bxe5 17. dxe5 Nd5 18. Qh4 g6 19. Bh6 Bd7 20. Bxd5 exd5 21. e6 Qxe6 22. Bxf8 Rxf8 23. Rfe1 Qf6 24. Qxf6+ Rxf6 25. Re7 Bc6 26. Rd1 Rd6 27. Rd4 Kg8 28. f3 h5 29. Kf2 Kf8 30. Re5 Kf7 31. Rf4+ Rf6 32. Rxf6+ Kxf6 33. f4 d4 34. g3 a6 35. h4 d3 36. Ke3 Bb5 37. Rc5 Ke6 38. Rc7 Kf5 39. Rc5+ Kf6 40. Re5 Kf7 41. Rd5 Kf6 42. Rc5 Ke6 43. a3 Kf6 44. Rc7 Kf5 45. Rxb7 Kg4 46. Rb6 Kxg3 47. Rxg6+ Kxh4 48. f5 Bc4 49. f6 Kh3 50. Rg7 h4 51. f7 Bxf7 52. Rxf7 Kh2 53. Kxd3 h3 54. Rf6 Kh1 55. Rxa6 h2 56. Rh6 Kg1 57. Rxh2 Kxh2 58. a4 1-0


[Site "https://www.chess.com"]

[Event "Titled Tuesday Blitz March 08 Early 2022"]
[White "Baches Garcia, Guillermo"]
[Black "Liyanage, Ranindu Dilshan"]
[WhiteFideId "2209764"]
[BlackFideId "9915834"]
[WhiteElo "2418"]
[BlackElo "1858"]
[Result "0-1"]
[Round "04"]
[TimeControl "180+1"]
[Date "2022.03.09"]
[WhiteClock "0:00:29"]
[BlackClock "0:00:45"]

1. e4 e6 2. Nf3 d5 3. exd5 exd5 4. d4 Nf6 5. Bd3 Bd6 6. O-O O-O 7. h3 h6 8. c4 dxc4 9. Bxc4 Nbd7 10. Nc3 Nb6 11. Bb3 c6 12. Qd3 Nbd5 13. Ne5 Be6 14. Re1 Re8 15. Bd2 Qc7 16. Rac1 Rad8 17. Nb5 Qb8 18. Nxd6 Qxd6 19. Bc2 Ne7 20. Bc3 Bf5 21. Qc4 Nfd5 22. Bb3 Ng6 23. Nxg6 Qxg6 24. Kh2 Nf4 25. Qf1 Bd3 26. Qh1 Be4 27. f3 Bd3 28. Bd2 Ne2 29. Rcd1 Qg3# 0-1


[Site "https://www.chess.com"]

[Event "Titled Tuesday Blitz March 08 Early 2022"]
[White "Bachmann, Axel"]
[Black "Csonka, Balazs"]
[WhiteFideId "3700488"]
[BlackFideId "742910"]
[WhiteElo "2587"]
[BlackElo "2404"]
[Result "1-0"]
[Round "04"]
[TimeControl "180+1"]
[Date "2022.03.08"]
[WhiteClock "0:00:43"]
[BlackClock "0:00:02"]

1. e4 c6 2. d4 d5 3. exd5 cxd5 4. Bd3 Nc6 5. c3 Qc7 6. h3 e5 7. dxe5 Qxe5+ 8. Ne2 Bc5 9. Bf4 Qf6 10. O-O Nge7 11. Nd2 O-O 12. Nb3 Bb6 13. a4 a5 14. Qd2 h6 15. Rad1 Ng6 16. Bxg6 Qxg6 17. Bg3 Rd8 18. Kh2 Qe4 19. Ned4 Nxd4 20. cxd4 Qe8 21. Ra1 Bf5 22. Rfe1 Qd7 23. Re3 Re8 24. Rc3 Rec8 25. Rxc8+ Rxc8 26. Qf4 Rc2 27. Qb8+ Kh7 28. Re1 Rxb2 29. Nc5 Bxc5 30. dxc5 d4 31. Re8 d3 32. Rh8+ Kg6 33. Rd8 Qe7 34. Qf4 d2 35. Rd6+ f6 36. h4 h5 37. Qg5+ Kf7 38. Qxf5 Qxd6 39. Qxh5+ g6 40. Qh7+ Ke6 41. cxd6 d1=Q 42. Qe7+ Kd5 43. d7 Kc4 44. d8=Q 1-0


[Site "https://www.chess.com"]

[Event "Titled Tuesday Blitz March 08 Early 2022"]
[White "Barrientos, Sergio E"]
[Black "Yang, Kaiqi"]
[WhiteFideId "4401824"]
[BlackFideId "8604398"]
[WhiteElo "2397"]
[BlackElo "2373"]
[Result "1-0"]
[Round "04"]
[TimeControl "180+1"]
[Date "2022.03.09"]
[WhiteClock "0:01:08"]
[BlackClock "0:00:02"]

1. d4 d5 2. c4 e6 3. Nc3 a6 4. cxd5 exd5 5. Qb3 c5 6. Nxd5 Be6 7. e4 Nc6 8. Qxb7 Bxd5 9. exd5 Nb4 10. Bg5 Rb8 11. Qa7 f6 12. Bf4 Nc2+ 13. Kd1 Rxb2 14. Bc1 Qe7 15. Qxe7+ Nxe7 16. Bxb2 Nxa1 17. Bxa1 Nxd5 18. Nf3 cxd4 19. Bc4 Nb6 20. Bxa6 Bc5 21. Bxd4 Kf7 22. Bxc5 1-0


[Site "https://www.chess.com"]

[Event "Titled Tuesday Blitz March 08 Early 2022"]
[White "Barros Rivadeneira, Cristhian"]
[Black "Vifleemskaia, Svetlana"]
[WhiteFideId "3609677"]
[BlackFideId "4129490"]
[WhiteElo "2220"]
[BlackElo "1901"]
[Result "1-0"]
[Round "04"]
[TimeControl "180+1"]
[Date "2022.03.09"]
[WhiteClock "0:00:06"]
[BlackClock "0:00:02"]

1. c4 c5 2. Nc3 Nf6 3. g3 d5 4. cxd5 Nxd5 5. Bg2 Nc7 6. Nf3 Nc6 7. O-O e5 8. d3 Be7 9. a4 O-O 10. a5 a6 11. Nd2 Nd4 12. Nc4 f6 13. Nb6 Rb8 14. Nxc8 Qxc8 15. Na4 Qe6 16. Nb6 Nb3 17. Nd5 Nxd5 18. Qxb3 Rfd8 19. Be3 Nc7 20. Qa4 Nd5 21. Qc4 Kf7 22. Bd2 Nc7 23. Rfc1 Qxc4 24. Rxc4 Ne6 25. Be3 Nd4 26. Kf1 f5 27. Bxd4 exd4 28. Bf3 g6 29. Ra3 Ke6 30. Rb3 Bd6 31. Rxb7 Rxb7 32. Bxb7 Rb8 33. Bxa6 Ra8 34. Bb7 Rxa5 35. Bf3 Rb5 36. Rc2 Ra5 37. h4 Ra1+ 38. Kg2 h5 39. Rc4 Rb1 40. Ra4 Rxb2 41. Ra7 Rb8 42. Ra6 Ke5 43. Bc6 Rc8 44. Bf3 Rb8 45. Bc6 Rc8 46. Kf3 Rb8 47. Bd7 Rb7 48. Be8 Rg7 49. Rc6 Ke6 50. Ra6 Kd5 51. Bb5 Ke6 52. Bc4+ Ke5 53. Ra8 g5 54. Re8+ 1-0


[Site "https://www.chess.com"]

[Event "Titled Tuesday Blitz March 08 Early 2022"]
[White "Bashirli, Nail"]
[Black "Rudzinska, Michalina"]
[WhiteFideId "13406809"]
[BlackFideId "1172883"]
[WhiteElo "2333"]
[BlackElo "1904"]
[Result "1-0"]
[Round "04"]
[TimeControl "180+1"]
[Date "2022.03.09"]
[WhiteClock "0:00:44"]
[BlackClock "0:01:16"]

1. e4 c5 2. c3 d5 3. exd5 Qxd5 4. d4 Nf6 5. Nf3 Bg4 6. Be2 e6 7. O-O Nc6 8. Na3 cxd4 9. Nb5 Qd7 10. Nbxd4 Nxd4 11. Nxd4 Bxe2 12. Qxe2 Bc5 13. Rd1 Qe7 14. Qb5+ Kf8 15. Be3 a6 16. Qxc5 Qxc5 17. Nxe6+ fxe6 18. Bxc5+ Kf7 19. Rd3 Rhd8 20. Rad1 Rd5 21. Rxd5 Nxd5 22. Kf1 Rc8 23. Bd4 Ne7 24. Ke2 Rd8 25. Be3 Rxd1 26. Kxd1 e5 27. Kd2 Ke6 28. Kd3 Nf5 29. Kc4 Kd6 30. a4 Kc6 31. Kd3 Kd5 32. c4+ Ke6 33. b4 Nd6 34. b5 axb5 35. cxb5 Kd5 36. Kc3 Nc4 37. Kb4 Nb2 38. a5 Nd3+ 39. Kc3 Ne1 40. g3 Nf3 41. h4 Nd4 42. Bxd4 exd4+ 43. Kd3 Kc5 44. a6 bxa6 45. bxa6 Kb6 46. Kxd4 Kxa6 47. Ke5 Kb6 48. Ke6 Kc5 49. Kf7 Kd4 50. Kxg7 Ke4 51. Kxh7 Kf3 52. Kg6 Kxf2 53. h5 1-0


[Site "https://www.chess.com"]

[Event "Titled Tuesday Blitz March 08 Early 2022"]
[White "Bashirli, Saadat"]
[Black "Kohler, Aran"]
[WhiteFideId "13429990"]
[BlackFideId "1002856"]
[WhiteElo "1173"]
[BlackElo "2270"]
[Result "0-1"]
[Round "04"]
[TimeControl "180+1"]
[Date "2022.03.09"]
[WhiteClock "0:01:01"]
[BlackClock "0:00:20"]

1. d4 d5 2. Bg5 f6 3. Bf4 g5 4. Bg3 h5 5. f3 h4 6. Bf2 Nc6 7. Nc3 Nh6 8. e4 e6 9. Bb5 Bb4 10. Bxc6+ bxc6 11. Ne2 dxe4 12. fxe4 O-O 13. O-O Ba6 14. Be3 Nf7 15. Re1 e5 16. d5 Qd6 17. dxc6 Bc5 18. Bxc5 Qxc5+ 19. Kh1 Qxc6 20. Qd5 Bb7 21. Qxc6 Bxc6 22. Ng1 Rad8 23. Rad1 Rfe8 24. Nf3 Rxd1 25. Rxd1 Nd6 26. Nd2 Kf7 27. Re1 Rb8 28. b3 Ke6 29. Nf1 h3 30. Ng3 hxg2+ 31. Kxg2 f5 32. Kf3 g4+ 33. Kf2 f4 34. Nh1 Rh8 35. Kg2 Rh3 36. Nd5 Bxd5 37. exd5+ Kxd5 38. Nf2 Rc3 39. Rc1 g3 40. Nd3 Nf5 41. Kf1 gxh2 42. Kg2 Rxc2+ 43. Rxc2 Ne3+ 44. Kxh2 Nxc2 45. Kg2 Kd4 46. Nb2 Nb4 47. Kf2 Nd3+ 0-1


[Site "https://www.chess.com"]

[Event "Titled Tuesday Blitz March 08 Early 2022"]
[White "Bayramov, Zaur"]
[Black "Jakubowska, Anna"]
[WhiteFideId "13405080"]
[BlackFideId "1121952"]
[WhiteElo "2166"]
[BlackElo "1924"]
[Result "1-0"]
[Round "04"]
[TimeControl "180+1"]
[Date "2022.03.09"]
[WhiteClock "0:00:40"]
[BlackClock "0:00:58"]

1. Nf3 d5 2. c4 c6 3. b3 Nf6 4. Bb2 Bf5 5. d3 h6 6. Nbd2 e6 7. g3 Be7 8. Bg2 O-O 9. O-O Nbd7 10. Qc2 a5 11. Rac1 Bh7 12. Qb1 a4 13. Rfe1 axb3 14. axb3 Bb4 15. Qc2 Re8 16. Ra1 Qb6 17. Bc3 Bc5 18. e3 e5 19. Rxa8 Rxa8 20. Nxe5 Nxe5 21. Bxe5 Ng4 22. Bb2 dxc4 23. Nxc4 Qb4 24. Bc3 Qb5 25. h3 Nf6 26. Ra1 Rd8 27. Bxf6 gxf6 28. Be4 Bxe4 29. dxe4 Bb4 30. Rd1 Ra8 31. Qb2 Qh5 32. Ra1 Rxa1+ 33. Qxa1 Be7 34. Qa8+ Kg7 35. Qxb7 Bc5 36. Qxc6 Bb4 37. Qd5 Qxh3 38. Nd6 Qg4 39. Qxf7+ Kh8 40. Qxf6+ Kh7 41. Qf7+ Kh8 42. Qf6+ Kh7 43. Qf5+ 1-0


[Site "https://www.chess.com"]

[Event "Titled Tuesday Blitz March 08 Early 2022"]
[White "Bernat, David"]
[Black "Tymrakiewicz, Rafal"]
[WhiteFideId "2099225"]
[BlackFideId "1108832"]
[WhiteElo "2284"]
[BlackElo "2205"]
[Result "0-1"]
[Round "04"]
[TimeControl "180+1"]
[Date "2022.03.09"]
[WhiteClock "0:00:08"]
[BlackClock "0:00:04"]

1. c4 g6 2. Nc3 Bg7 3. g3 d6 4. Bg2 e5 5. d3 Ne7 6. e4 O-O 7. Nge2 Nbc6 8. O-O Bg4 9. f3 Be6 10. Nd5 f5 11. Bg5 h6 12. Be3 Qd7 13. Qd2 Kh7 14. Nxe7 Qxe7 15. exf5 Bxf5 16. Nc3 Qd7 17. g4 Be6 18. Ne4 Rf7 19. h4 Raf8 20. b4 b6 21. b5 Ne7 22. Rac1 c5 23. bxc6 Nxc6 24. Kh1 d5 25. cxd5 Bxd5 26. Bh3 Qd8 27. g5 h5 28. Kg2 Nd4 29. Bxd4 exd4 30. f4 Re8 31. f5 Rxe4 32. fxg6+ Kxg6 33. dxe4 Bxe4+ 34. Kg1 Rxf1+ 35. Rxf1 d3 36. Rf4 Bd4+ 37. Kf1 Qd5 38. Qb4 d2 39. Qxd2 Be5 40. Qxd5 Bxd5 41. Rf5 Bc4+ 42. Ke1 Bc3+ 43. Kd1 Bxa2 44. Kc2 Bd4 45. Rf4 Bg7 46. Bf5+ Kf7 47. Bg4+ Ke7 48. Bxh5 Be6 49. Re4 Kd6 50. Re1 b5 51. Bf3 b4 52. h5 b3+ 53. Kb1 a5 54. h6 Bc3 55. h7 a4 56. Rc1 Bg7 57. Rd1+ Kc5 58. g6 a3 59. Be4 a2+ 60. Kc1 b2+ 61. Kd2 a1=Q 62. h8=Q Bxh8 63. Ke2 Qxd1+ 64. Kxd1 Kb4 65. Ke2 Ka3 66. Kf3 Bd5 67. Kf4 Bxe4 68. Kxe4 b1=Q+ 69. Kd5 Qxg6 0-1


[Site "https://www.chess.com"]

[Event "Titled Tuesday Blitz March 08 Early 2022"]
[White "Bethke, Richard"]
[Black "Ptacnikova, Lenka"]
[WhiteFideId "12959243"]
[BlackFideId "305650"]
[WhiteElo "2520"]
[BlackElo "1923"]
[Result "1-0"]
[Round "04"]
[TimeControl "180+1"]
[Date "2022.03.09"]
[WhiteClock "0:01:21"]
[BlackClock "0:00:43"]

1. e4 c5 2. Nf3 e6 3. d4 cxd4 4. Nxd4 Nf6 5. Nc3 Nc6 6. Ndb5 Bb4 7. a3 Bxc3+ 8. Nxc3 d5 9. Bd3 dxe4 10. Nxe4 Nxe4 11. Bxe4 Qxd1+ 12. Kxd1 Bd7 13. Be3 O-O-O 14. Ke2 e5 15. f3 f6 16. Bxc6 Bxc6 17. Bxa7 Bb5+ 18. Ke3 Kc7 19. c4 Bxc4 20. Rac1 b5 21. Rhd1 Kb7 22. Bc5 Bb3 23. Rd6 Rxd6 24. Bxd6 Rd8 25. Bb4 Bc4 26. Rc3 Rd1 27. Bf8 Rd7 28. b3 Be6 29. a4 bxa4 30. bxa4 Bd5 31. Rc5 Rf7 32. Rxd5 Rxf8 33. Rd7+ Kc6 34. Rxg7 Kd5 35. Rxh7 Ra8 36. Rh4 f5 37. Rb4 Kc5 38. Rb5+ Kd6 39. a5 Rg8 40. g3 Rh8 41. Rb6+ Kd5 42. Rf6 f4+ 43. gxf4 exf4+ 44. Rxf4 Rxh2 45. Ra4 Rh7 46. a6 Ra7 47. f4 1-0


[Site "https://www.chess.com"]

[Event "Titled Tuesday Blitz March 08 Early 2022"]
[White "Bilych, Olexiy"]
[Black "Hoffmann, Asa"]
[WhiteFideId "14156504"]
[BlackFideId "2001470"]
[WhiteElo "2176"]
[BlackElo "2117"]
[Result "1-0"]
[Round "04"]
[TimeControl "180+1"]
[Date "2022.03.09"]
[WhiteClock "0:00:15"]
[BlackClock "0:00:19"]

1. e4 d6 2. d4 Nf6 3. Nc3 c6 4. f4 Qa5 5. Bd3 e5 6. dxe5 dxe5 7. Nf3 Nbd7 8. O-O Bd6 9. f5 b5 10. Qe1 Qb6+ 11. Kh1 h5 12. a4 b4 13. a5 Qc7 14. Ne2 Nc5 15. Ned4 Nxd3 16. cxd3 Ba6 17. Qd1 exd4 18. e5 O-O-O 19. exd6 Qxd6 20. Bg5 Rde8 21. Rc1 Bb5 22. Qd2 Ng4 23. Bf4 Qd5 24. Qxb4 Qxf5 25. Rc5 Qxd3 26. Rfc1 Kd7 27. Rd5+ Kc8 28. Rxb5 1-0


[Site "https://www.chess.com"]

[Event "Titled Tuesday Blitz March 08 Early 2022"]
[White "Bintang, Rasyid A. Hidayat"]
[Black "Sanchez Alvares, Kelvin Antonio"]
[WhiteFideId "7105355"]
[BlackFideId "3906680"]
[WhiteElo "2372"]
[BlackElo "2193"]
[Result "0-1"]
[Round "04"]
[TimeControl "180+1"]
[Date "2022.03.09"]
[WhiteClock "0:00:40"]
[BlackClock "0:01:46"]

1. d4 d5 2. Bf4 Nf6 3. e3 c5 4. Nc3 a6 5. Nf3 Nc6 6. Bd3 Bg4 7. Be2 e6 8. O-O Bxf3 9. Bxf3 cxd4 10. exd4 Qb6 11. Ne2 Be7 12. c3 O-O 13. Nc1 Rfc8 14. Nd3 Ne4 15. Re1 f5 16. Rb1 Bf6 17. Bxe4 fxe4 18. Nc5 Re8 19. Nd7 Qd8 20. Nxf6+ Qxf6 21. Qg4 Qf5 22. Qg3 Rf8 23. Be5 Nxe5 24. dxe5 Qf4 25. Re3 Qxg3 26. hxg3 b5 27. Rd1 Rf5 28. f4 g5 29. Rf1 Raf8 30. Ree1 gxf4 31. gxf4 Rxf4 32. Rxf4 Rxf4 33. Re3 Rf5 0-1


[Site "https://www.chess.com"]

[Event "Titled Tuesday Blitz March 08 Early 2022"]
[White "Blohberger, Felix"]
[Black "Vusatiuk, Vladimir"]
[WhiteFideId "1632051"]
[BlackFideId "14118610"]
[WhiteElo "2474"]
[BlackElo "2157"]
[Result "0-1"]
[Round "04"]
[TimeControl "180+1"]
[Date "2022.03.09"]
[WhiteClock "0:00:01"]
[BlackClock "0:01:16"]

1. d4 Nf6 2. Nf3 e6 3. g3 b5 4. Bg2 Bb7 5. O-O Be7 6. a4 b4 7. c4 bxc3 8. Nxc3 d5 9. a5 O-O 10. Bf4 Na6 11. Rc1 c5 12. dxc5 Qxa5 13. Nd4 Nxc5 14. Ncb5 Rfc8 15. b4 Qb6 16. bxc5 Bxc5 17. Rb1 Qd8 18. Nd6 Bxd6 19. Bxd6 Qxd6 20. Rxb7 a5 21. e3 a4 22. Qa1 a3 23. Qa2 h5 24. h3 h4 25. g4 Nd7 26. Rfb1 Nc5 27. R7b6 Qe5 28. Nc6 Qf6 29. R1b5 Na4 30. Rb8 Nc3 0-1


[Site "https://www.chess.com"]